 Dungeon Crawl Stone Soup version 0.31-a0-237-g2d982f9f85 (webtiles) character file.

Game seed: 7400179301152902974

37 qw the Shooter (level 3, -1/29 HPs)
             Began as a Minotaur Hexslinger on July 10, 2023.
             Slain by Ijyb
             ... wielding a +0 club
              (4 damage)
             ... on level 3 of the Dungeon.
             The game lasted 00:00:33 (1557 turns).

qw the Shooter (Minotaur Hexslinger)                Turns: 1557, Time: 00:00:34

Health: -1/29      AC:  6    Str: 12    XL:     3   Next: 21%
Magic:  3/3        EV: 11    Int: 10    God:
Gold:   122        SH:  0    Dex: 14    Spells: 3/4 levels left

rFire   . . .        Y - +1 sling
rCold   . . .        (no shield)
rNeg    . . .        f - +0 ring mail
rPois   .            (helmet restricted)
rElec   .            c - +0 cloak
rCorr   .            (no gloves)
SInv    .            (no boots)
Will    .....        (no amulet)
Stlth   +            (no ring)
HPRegen 0.24/turn    (no ring)
MPRegen 0.08/turn

%: no passive effects
@: no status effects
A: horns 2, retaliatory headbutt
a: no special abilities


You were on level 3 of the Dungeon.
You visited 1 branch of the dungeon, and saw 3 of its levels.

You collected 122 gold pieces.


Innate Abilities, Weirdness & Mutations

You have a pair of horns on your head.
You reflexively headbutt those who attack you in melee.


   Skills:
 - Level 2.0 Fighting
 + Level 3.7 Ranged Weapons
 - Level 2.1 Dodging
 - Level 1.0 Spellcasting
 - Level 2.0 Hexes


You had 3 spell levels left.
You knew the following spells:

 Your Spells              Type           Power      Damage    Failure   Level
a - Slow                  Hex            16%        N/A       34%         1

Your spell library contained the following spells:

 Spells                   Type           Power      Damage    Failure   Level
 Inner Flame              Hex/Fire       2%         N/A       83%         3
 Portal Projectile        Hex/Tloc       4%         N/A       83%         3
 Cause Fear               Hex            2%         N/A       98%         4

Inventory:

Hand Weapons
 Y - a +1 sling (weapon)
Armour
 c - a +0 cloak (worn)
 f - a +0 ring mail (worn)
Scrolls
 a - a scroll of identify
Potions
 d - a potion of cancellation
 i - a potion of haste {unknown}
 j - a potion of heal wounds {unknown}
 l - 2 potions of curing

Dungeon Overview and Level Annotations

Branches:
Dungeon (3/15)

Altars:
Elyvilon

Annotations:
D:3 Ijyb


Message History

The sling bullet hits the goblin.
The goblin is moderately wounded.
Ijyb zaps a wand.
You resist with significant effort.
You shoot a sling bullet.
The sling bullet barely misses the goblin.
The goblin hits you with a +0 club. Ijyb hits you with a +0 club.
A rat comes into view.
You shoot a sling bullet. The sling bullet hits the goblin.
You kill the goblin!
Ijyb barely misses you.
You shoot a sling bullet. The sling bullet hits Ijyb.
Ijyb is lightly wounded.
Ijyb hits you but does no damage.
Ijyb zaps a wand.
You suddenly lose the ability to move!
The now-empty wand crumbles to dust.
Ijyb hits you with a +0 club. Ijyb hits you but does no damage.
Ijyb hits you with a +0 club.
You can move again.
You shoot a sling bullet. The sling bullet hits Ijyb.
Ijyb is lightly wounded.
Ijyb misses you. You furiously retaliate!
You headbutt Ijyb. The rat misses you.
You shoot a sling bullet. The sling bullet closely misses Ijyb.
Ijyb hits you with a +0 club. The rat closely misses you.
You shoot a sling bullet. The sling bullet closely misses Ijyb.
Ijyb barely misses you. The rat closely misses you.
The rat bites you but does no damage. Ijyb hits you with a +0 club.
You shoot a sling bullet.
The sling bullet hits Ijyb but does no damage.
Ijyb is moderately wounded.
Ijyb barely misses you. The rat barely misses you.
You shoot a sling bullet. The sling bullet closely misses Ijyb.
Ijyb hits you with a +0 club. The rat bites you.
You shoot a sling bullet. The sling bullet barely misses Ijyb.
Ijyb misses you. The rat bites you but does no damage.
Ijyb hits you with a +0 club. The rat bites you but does no damage.
You shoot a sling bullet. The sling bullet closely misses Ijyb.
Ijyb barely misses you. The rat barely misses you.
You shoot a sling bullet. The sling bullet barely misses Ijyb.
Ijyb hits you with a +0 club.
You die...

.# .# .. .# ?.#
############.####.
<......^...r......
#######.##@......#
##..##g).....#
##..###(......#
####..####.......#
#...>............#
#.##.####........#
# #.# ........#
##.## #........#
#...#


You could see Ijyb and a rat.

Vanquished Creatures
  5 endoplasms
  A giant cockroach (D:1)
  4 goblins
  3 hobgoblins
  3 quokkas
  2 ball pythons (D:2)
  4 bats
  7 frilled lizards
  5 kobolds
  3 rats (D:1)
37 creatures vanquished.

Notes
Turn   | Place    | Note
-------+----------+-------------------------------------------
     0 | D:1      | qw the Minotaur Hexslinger began the quest for the Orb.
     0 | D:1      | Reached XP level 1. HP: 16/16 MP: 1/1
     0 | D:1      | 0 ||| qw: Version: 0.3-a-52-g30416fa
     0 | D:1      | 0 ||| qw: Game counter: 5319
     0 | D:1      | 0 ||| qw: Melee chars always use a shield: true
     0 | D:1      | 0 ||| qw: God list: Okawaru
     0 | D:1      | 0 ||| qw: Allow faded altars: false
     0 | D:1      | 0 ||| qw: Do Orc after clearing Dungeon:15 true
     0 | D:1      | 0 ||| qw: Do second Lair branch before Depths: true
     0 | D:1      | 0 ||| qw: Lair rune preference: random
     0 | D:1      | 0 ||| qw: Goals: Normal
     0 | D:1      | 0 ||| PLANNING D:1-11
   228 | D:1      | Reached skill level 3 in Ranged Weapons
   246 | D:1      | Reached XP level 2. HP: 23/23 MP: 2/2
   589 | D:1      | 589 ||| UPGRADING to +0 ring mail.
   599 | D:1      | 599 ||| DROPPING +0 robe.
   600 | D:1      | 600 ||| READING 2 scrolls labelled RYW WULEAHYEVE.
   601 | D:1      | 601 ||| READING scroll labelled ONEIF XUN.
   605 | D:1      | 605 ||| READING scroll labelled SOIMPA SAMEKAR.
   606 | D:1      | 606 ||| DRINKING 2 sedimented yellow potions.
   632 | D:1      | 632 ||| DROPPING scroll of poison.
   633 | D:1      | 633 ||| DROPPING potion of lignification.
   868 | D:2      | Reached XP level 3. HP: 29/29 MP: 3/3
  1089 | D:2      | Noticed a great orb of eyes
  1094 | D:2      | Found a faded altar of an unknown god.
  1096 | D:2      | Noticed a golden eye
  1096 | D:2      | Noticed a shining eye
  1096 | D:2      | Noticed an eye of devastation
  1380 | D:2      | 1380 ||| UPGRADING to +0 cloak.
  1385 | D:2      | 1385 ||| READING scroll labelled UNAIH CUACVYL.
  1386 | D:2      | 1386 ||| READING scroll labelled PAXE LAUWURCH.
  1387 | D:2      | 1387 ||| READING scroll labelled SOM ACWUETZ.
  1441 | D:2      | 1441 ||| DRINKING 3 red potions.
  1442 | D:2      | 1442 ||| READING 2 scrolls of identify.
  1442 | D:2      | 1442 ||| IDENTIFYING bubbling sapphire potion
  1501 | D:3      | Found a white marble altar of Elyvilon.
  1530 | D:3      | Noticed Ijyb
  1531 | D:3      | Paralysed by Ijyb for 5 turns
  1539 | D:3      | Paralysed by Ijyb for 2 turns
  1546 | D:3      | Paralysed by Ijyb for 4 turns
  1554 | D:3      | HP: 7/29 [Ijyb/+0 club (5)]
  1555 | D:3      | HP: 2/29 [Ijyb/+0 club (2)]
  1557 | D:3      | Slain by Ijyb

Levels and vault maps discovered:
D:1:      tekkud_arrival_beachfront_property, layout_basic
D:2:      layout_basic, serial_aquarium, aquarium_bridge_square
          [aquarium_subvault_bridge, aquarium_subvault_window,
          aquarium_subvault_bridge, aquarium_subvault_wall],
          aquarium_window_corner, aquarium_window_fake, aquarium_view_2c,
          aquarium_view_2e, hellmonk_ecumenical_altar_watching_god
D:3:      layout_basic, elyvilon_altar_1, serial_shops, shop, minmay_between,
          uniq_terence, uniq_grinder, uniq_ijyb, uniq_crazy_yiuf_cottage

Skill      XL: |  1  2 |
---------------+-------+-----
Ranged Weapons | 3 |  3.7
Fighting       | 2 |  2.0
Dodging        | |  2.1
Spellcasting   | |  1.0
Hexes          | |  2.0

Action                     || total
---------------------------++-------
   Fire: Sling             ||   111
    Use: Scroll            ||     7
         Potion            ||     2
 Armour: Robe              ||     2
         Ring mail         ||     9
  Dodge: Dodged            ||    31

Table legend:
 A = Non-vault XP
 B = Vault XP
 C = Vault XP percentage of total XP
 D = Non-vault monster count
 E = Vault monster count
 F = Vault count percentage of total count
                 A         B        C        D         E       F
            +---------+---------+-------+---------+---------+-------
      Total |      53 |       0 |   0.0 |      37 |       0 |   0.0
            +---------+---------+-------+---------+---------+-------
        D:1 |      30 |       0 |   0.0 |      21 |       0 |   0.0
        D:2 |      18 |       0 |   0.0 |      12 |       0 |   0.0
        D:3 |       5 |       0 |   0.0 |       4 |       0 |   0.0
            +---------+---------+-------+---------+---------+-------
